AoeStats
← Andrew

Lombardia

509794875Analyzed
2v2 RM · 3d ago on Sep 28, 2026· 67m 40s· 4 players
Game mode
Random Map
Map size
Medium (4 player)
Population
200
Speed
Normal
Resources
Standard
Victory
Conquest
Starting age
Dark Age
Ending age
Imperial Age
RankedLock teamsTeams togetherTeam positionsShared explorationLock speedFull tech treeHidden civsTurbo modeCheats
Victory
Defeat
🇺🇸 Franks · United States
810
+18
🇺🇸 Mongols · United States
802
+17
🇻🇪 Spanish · Venezuela
852
-18
🇻🇪 Bohemians · Venezuela
835
-17
Hollywood
7:52 Loom
10:36 Feudal Age
13:37 Double-Bit Axe
17:30 Castle Age
20:41 Gold Mining
27:04 Husbandry
28:23 Forging
29:58 Wheelbarrow
31:31 Scale Barding Armor
36:31 Imperial Age
39:07 Conscription
38:50 Chivalry
38:44 Cavalier
43:51 Iron Casting
43:20 Scale Mail Armor
43:39 Fletching
44:31 Gold Shaft Mining
46:39 Chain Mail Armor
48:59 Paladin
51:57 Stone Mining
53:42 Hoardings
55:58 Elite Throwing Axeman
64:41 Light Cavalry
Rogue Lawyer
7:43 Loom
10:58 Feudal Age
11:43 Man-at-Arms
13:15 Double-Bit Axe
13:54 Fletching
14:24 Forging
15:08 Horse Collar
17:19 Scale Mail Armor
19:36 Scale Barding Armor
20:50 Wheelbarrow
24:24 Castle Age
23:46 Gold Mining
25:44 Heavy Plow
26:48 Bow Saw
26:42 Fletching
28:08 Bodkin Arrow
29:21 Hand Cart
29:52 Husbandry
30:48 Stone Mining
34:03 Thumb Ring
34:38 Chain Barding Armor
37:10 Caravan
38:44 Gold Shaft Mining
38:41 Bloodlines
39:32 Light Cavalry
41:10 Coinage
44:08 Imperial Age
42:47 Murder Holes
45:46 Conscription
44:54 Elite Steppe Lancer
47:21 Chemistry
48:26 Stone Shaft Mining
50:20 Ballistics
51:32 Onager
52:37 Drill
53:37 Hussar
56:34 Iron Casting
56:00 Bracer
62:41 Parthian Tactics
64:44 Heavy Camel Rider
juan
5:29 Loom
12:24 Feudal Age
16:44 Castle Age
20:13 Horse Collar
31:17 Gold Mining
31:20 Town Watch
31:56 Heavy Plow
31:44 Double-Bit Axe
35:54 Herbal Medicine
37:18 Sanctity
37:04 Inquisition
39:16 Bloodlines
39:20 Husbandry
40:47 Forging
41:38 Redemption
43:54 Herbal Medicine
44:47 Iron Casting
47:17 Imperial Age
47:25 Imperial Age
46:53 Scale Barding Armor
47:52 Cavalier
49:33 Blast Furnace
51:04 Block Printing
58:52 Atonement
63:53 Chain Barding Armor
65:22 Chain Barding Armor
66:20 Wheelbarrow
Andrew
0:42 Loom
14:44 Feudal Age
16:18 Wheelbarrow
15:32 Double-Bit Axe
15:49 Horse Collar
18:29 Man-at-Arms
21:40 Castle Age
22:39 Hand Cart
24:35 Forging
27:10 Bow Saw
27:54 Arson
28:09 Squires
28:03 Town Watch
28:43 Heavy Plow
32:32 Town Patrol
32:30 Crossbowman
40:03 Imperial Age
38:09 Pikeman
38:11 Long Swordsman
39:37 Scale Mail Armor
40:13 Iron Casting
39:29 Fletching
39:39 Padded Archer Armor
40:42 Chemistry
40:03 Ballistics
39:54 Masonry
40:37 Halberdier
40:39 Two-Handed Swordsman
45:05 Blast Furnace
44:21 Chain Mail Armor
44:01 Bodkin Arrow
44:22 Leather Archer Armor
44:16 Scale Barding Armor
47:20 Conscription
48:26 Houfnice
52:57 Architecture
52:16 Arrowslits
59:32 Plate Mail Armor
59:02 Bracer
59:32 Ring Archer Armor
59:24 Chain Barding Armor
59:36 Architecture
59:55 Elite Hussite Wagon
Connection lost

Rejoining the realm…

Still unreachable

The connection could not be restored.

Session expired

The server has moved on; the page needs a fresh start.